 Dungeon Sprint DCSS version 0.29-a0-732-g3d7fbe0af2 (webtiles) character file.

Game seed: 14745652943921148465

21276 mhtbhm the Ninja (level 12, -11/58 HPs)
             Began as a Spriggan Enchanter on June 28, 2022.
             Was the Champion of Dithmenos.
             Mangled by an azure jelly (29 damage)
             ... in the Dungeon (Sprint III: "The Ten Rune Challenge") on June 29, 2022.
             The game lasted 00:11:13 (2773 turns).

mhtbhm the Ninja (Spriggan Enchanter)               Turns: 2773, Time: 00:11:14

Health: -11/58     AC:  4    Str:  8    XL:     12   Next: 52%
Magic:  32/34      EV: 25    Int: 17    God:    Dithmenos [******]
Gold:   2493       SH:  0    Dex: 18    Spells: 34/45 levels left

rFire   . . .      SeeInvis +   a - +1 dagger (venom)
rCold   . . .      Faith    .   (no shield)
rNeg    . . .      Spirit   .   b - +0 robe
rPois   .          Reflect  .   h - +2 hat {Will+}
rElec   .          Harm     .   (no cloak)
rCorr   .          Rampage  .   (gloves unavailable)
Will    +++..      NoTele   +   (boots unavailable) Stlth ********++
                                (no amulet)
HPRegen 0.19/turn               (no ring)
MPRegen 0.24/turn               (no ring)

@: confusing by touch, wreathed by umbra, invisible, very quick
A: very small, no large weapons, unfitting armour, see invisible, speed 3,
strong 1
a: Renounce Religion, Shadow Step, Shadow Form


You were in the Dungeon.
You worshipped Dithmenos.
Dithmenos was exalted by your worship.
You visited 1 branch You collected 2493 gold pieces.

Inventory:

Hand Weapons
 a - a +1 dagger of venom (weapon)
Missiles
 i - 7 curare-tipped darts (quivered)
Armour
 b - a +0 robe (worn)
 h - a +2 hat of willpower (worn)
Wands
 e - a wand of iceblast (7)
 k - a wand of flame (7)
Scrolls
 l - 2 scrolls of poison {unknown}
 m - a scroll of enchant armour {unknown}
 n - a scroll of magic mapping {unknown}
Potions
 d - 2 potions of curing
 f - a potion of haste
 g - 2 potions of magic
 j - 2 potions of brilliance {unknown}
 o - a potion of flight {unknown}
 p - 5 potions of mutation
 r - a potion of might
 t - a potion of degeneration {unknown}
 u - a potion of resistance {unknown}
 v - a potion of ambrosia {unknown}
Miscellaneous
 s - a box of beasts (inert)


   Skills:
 + Level 4.3 Fighting
 + Level 9.4 Short Blades
 + Level 11.4 Dodging
 O Level 27 Stealth
 + Level 17.4 Spellcasting
 + Level 2.9 Conjurations
 + Level 17.0 Hexes
 + Level 9.8 Ice Magic
 + Level 3.8 Invocations
 + Level 7.4 Evocations


You had 34 spell levels left.
You knew the following spells:

 Your Spells              Type           Power      Damage    Failure   Level
a - Ensorcelled Hibernat  Hex/Ice        100%       N/A       1%          2
b - Confusing Touch       Hex            64%        N/A       0%          3
c - Tukima's Dance        Hex            64%        N/A       0%          3
d - Dazzling Flash        Conj/Hex       96%        N/A       1%          3

Your spell library contained the following spells:

 Spells                   Type           Power      Damage    Failure   Level
 Beastly Appendage        Tmut           28%        N/A       4%          1
 Sting                    Tmut/Pois      56%        1d5       4%          1
 Poisonous Vapours        Pois/Air       28%        N/A       6%          2
 Wereblood                Tmut           14%        N/A       6%          2
 Spider Form              Tmut/Pois      14%        N/A       12%         3
 Olgreb's Toxic Radiance  Pois           14%        N/A       36%         4


Dungeon Overview and Level Annotations

Branches:
Dungeon (1/1)

Altars:
Cheibriados
Dithmenos
Elyvilon
Fedhas
Gozag
Hepliaklqana
Kikubaaqudgha
Makhleb
Nemelex Xobeh
Okawaru
Qazlal
Ru
Sif Muna
Trog
Uskayaw
Vehumet
Wu Jian
Xom
Yredelemnul
Zin
The Shining One
Beogh
Jiyva
Lugonu

Shops:
D !:(!!(=[!?*([:[


Innate Abilities, Weirdness & Mutations

You are very small and have problems with some larger weapons.
You are too small for most types of armour.
You have supernaturally acute eyesight. (SInv)
You cover ground extremely quickly. (Speed+++)
Your muscles are strong. (Str +4, Int/Dex -1)


Message History

You close the door.
You hear a slurping noise.
The azure jelly eats the door!
You open the lid... ...and a mature batweird beast flies out!
The box is emptied!
The azure jelly hits your mature batweird beast!
The azure jelly freezes your mature batweird beast!!!
The azure jelly hits your mature batweird beast but does no damage.
The azure jelly hits your mature batweird beast.
The azure jelly completely misses your mature batweird beast.
The azure jelly hits your mature batweird beast.
The azure jelly freezes your mature batweird beast!!!
Your mature batweird beast dies!
Your mature batweird beast's corpse disappears in a puff of smoke!
Casting: Confusing Touch (safe; 0% risk of failure)
Confirm with . or Enter, or press ? or * to list all spells.
Okay, then.
Casting: Confusing Touch (safe; 0% risk of failure)
Confirm with . or Enter, or press ? or * to list all spells.
Your hands begin to glow red.
Press: ? - help, v - describe, . - travel
Here: an azure jelly (grey smoke, chance to confuse on hit: 27%, umbra)
The floor.
Okay, then.
You aren't carrying any pieces of jewellery.
Unknown command.
You fade into invisibility!
You hit the azure jelly but do no damage.
The azure jelly hits you but does no damage.
The azure jelly hits you. The azure jelly freezes you!!
You emit a cloud of dark smoke.
The azure jelly hits you! x2
* * * LOW HITPOINT WARNING * * *
Unknown command.
You feel much better.
You hit the azure jelly but do no damage.
Your shadow closely misses the azure jelly.
The azure jelly hits you! The azure jelly freezes you!!
Ouch! That really hurt!
You die...

#..# #..#####....#___#__'.
▓▓▓▓▓▓▓▓▓▓▓▓▓▓▓▓▓▓▓▓▓▓▓▓▓▓
▓...'≈≈§§§§≈≈≈♣♣.....♣♣♣♣≈
▓.†P#≈≈≈≈§§.≈.♣♣.≈≈≈≈'♣♣'♣
▓.PP#≈≈≈§§§≈≈≈≈'.....#.≈♣♣
▓..P#≈≈≈§§§≈≈≈♣♣♣♣♣♣♣#..♣♣
▓..(#≈≈≈≈§≈§≈≈♣ ###'♣
▓##+####§#######♣ ♣♣♣♣.#
▓....J§JJ@..)...♣ ♣...##
▓#.#############+ ♣♣.##.
▓...# ♣..#. ▓...+ ♣♣.##
▓...# ♣♣.## ▓JJ.# ♣....
#+### #####


You could see 2 azure jellies.

Vanquished Creatures
  Sigmund (D)
  Rupert (D)
  Gastronok (D)
  2 dire elephants (D)
  Snorg (D)
  2 hydras (D)
  A centaur warrior (D)
  Urug (D)
  3 death drakes (D)
  An obsidian statue (D)
  A lindwurm (D)
  An orc knight (D)
  A deep elf pyromancer (D)
  4 crystal guardians (D)
  2 elephants (D)
  Edmund (D)
  2 cane toads (D)
  A rime drake (D)
  A komodo dragon (D)
  2 unseen horrors (D)
  3 wandering mushrooms (D)
  2 tyrant leeches (D)
  2 orc high priests (D)
  5 blink frogs (D)
  A shadow (D)
  3 redbacks (D)
  A spatial vortex (D)
  An orc warrior (D)
  A swamp drake (D)
  2 centaurs (D)
  An earth elemental (D)
  A necrophage (D)
  A water elemental (D)
  An electric eel (D)
  A jelly (D)
  2 orc priests (D)
  Jessica (D)
  A wizard (D)
  A necromancer (D)
  3 humans (D)
  A kobold demonologist (D)
  A wolf (D)
  3 orcs (D)
  An endoplasm (D)
  2 rats (D)
72 creatures vanquished.

Vanquished Creatures (collateral kills)
  2 orc sorcerers (D)
  An orc warrior (D)
  An orc priest (D)
  2 orc wizards (D)
  7 orcs (D)
13 creatures vanquished.

Vanquished Creatures (others)
  3 plants (D)
3 creatures vanquished.

Grand Total: 88 creatures vanquished

Notes
Turn   | Place    | Note
-------+----------+-------------------------------------------
     0 | D        | mhtbhm the Spriggan Enchanter began the quest for the Orb.
     0 | D        | Reached XP level 1. HP: 9/9 MP: 5/5
    13 | D        | Reached skill level 5 in Stealth
   316 | D        | Noticed Jessica
   321 | D        | Killed Jessica
   322 | D        | Reached skill level 7 in Stealth
   322 | D        | Reached skill level 5 in Hexes
   322 | D        | Reached XP level 2. HP: 13/13 MP: 5/7
   322 | D        | Reached XP level 3. HP: 16/16 MP: 6/9
   327 | D        | Learned a level 2 spell: Ensorcelled Hibernation
   331 | D        | Learned a level 3 spell: Confusing Touch
   335 | D        | Learned a level 3 spell: Tukima's Dance
   367 | D        | Reached skill level 8 in Stealth
   442 | D        | Gained mutation: Your muscles are strong. (Str +4, Int/Dex
                  | -1) [potion of mutation]
   442 | D        | Lost mutation: Your muscles are strong. (Str +4, Int/Dex
                  | -1) [potion of mutation]
   442 | D        | Gained mutation: Your muscles are strong. (Str +4, Int/Dex
                  | -1) [potion of mutation]
   443 | D        | Noticed a water elemental
   459 | D        | Killed a water elemental
   460 | D        | Reached skill level 5 in Dodging
   460 | D        | Reached skill level 9 in Stealth
   460 | D        | Reached skill level 5 in Spellcasting
   460 | D        | Reached XP level 4. HP: 21/21 MP: 10/12
   489 | D        | Learned a level 3 spell: Dazzling Flash
   489 | D        | Found a shadowy altar of Dithmenos.
   489 | D        | Noticed a necrophage
   490 | D        | Found a basalt altar of Yredelemnul.
   490 | D        | Found a sacrificial altar of Ru.
   511 | D        | Killed a necrophage
   512 | D        | Reached skill level 10 in Stealth
   512 | D        | Reached skill level 1 in Evocations
   512 | D        | Reached XP level 5. HP: 13/25 MP: 2/14
   521 | D        | Reached skill level 11 in Stealth
   527 | D        | Found a hide-covered altar of Uskayaw.
   527 | D        | Found an iron altar of Okawaru.
   528 | D        | Found a bloodstained altar of Trog.
   528 | D        | Found an ornate altar of the Wu Jian Council.
   528 | D        | Noticed a human
   528 | D        | Noticed a human
   530 | D        | Killed a human
   531 | D        | Reached skill level 1 in Fighting
   531 | D        | Reached skill level 12 in Stealth
   531 | D        | Reached XP level 6. HP: 13/30 MP: 4/16
   531 | D        | Killed a human
   532 | D        | Reached skill level 13 in Stealth
   540 | D        | Became a worshipper of Dithmenos the Shadowed
   550 | D        | Found a glowing silver altar of Zin.
   550 | D        | Found a glowing golden altar of the Shining One.
   550 | D        | Found a white marble altar of Elyvilon.
   550 | D        | Noticed a deep elf pyromancer
   553 | D        | Killed a deep elf pyromancer
   554 | D        | Reached skill level 15 in Stealth
   554 | D        | Reached skill level 10 in Hexes
   554 | D        | Reached XP level 7. HP: 16/34 MP: 6/20
   717 | D        | Found a radiant altar of Vehumet.
   725 | D        | Found a shimmering blue altar of Sif Muna.
   725 | D        | Found an ancient bone altar of Kikubaaqudgha.
   728 | D        | Noticed a soul eater
   732 | D        | Reached * piety under Dithmenos
   937 | D        | Noticed a shadow
   939 | D        | Killed a shadow
   940 | D        | Reached skill level 5 in Short Blades
   940 | D        | Reached skill level 16 in Stealth
   940 | D        | Reached skill level 1 in Conjurations
   940 | D        | Reached skill level 1 in Ice Magic
   940 | D        | Reached XP level 8. HP: 39/39 MP: 21/21
   954 | D        | Found a blossoming altar of Fedhas.
   954 | D        | Found a stormy altar of Qazlal.
   954 | D        | Found a snail-covered altar of Cheibriados.
   954 | D        | Found a burning altar of Makhleb.
   954 | D        | Found a shimmering altar of Xom.
   955 | D        | Found a hazy altar of Hepliaklqana.
   955 | D        | Found an opulent altar of Gozag.
   955 | D        | Found a sparkling altar of Nemelex Xobeh.
   955 | D        | Found a corrupted altar of Lugonu.
   955 | D        | Found a viscous altar of Jiyva.
   958 | D        | Reached ** piety under Dithmenos
   976 | D        | Noticed Snorg
   979 | D        | Killed Snorg
   980 | D        | Reached skill level 18 in Stealth
   980 | D        | Reached skill level 5 in Evocations
  1007 | D        | Reached XP level 9. HP: 43/43 MP: 21/23
  1013 | D        | Noticed a centaur warrior
  1029 | D        | Killed a centaur warrior
  1029 | D        | Reached *** piety under Dithmenos
  1030 | D        | Reached skill level 20 in Stealth
  1030 | D        | Reached skill level 10 in Spellcasting
  1125 | D        | Noticed an unseen horror
  1125 | D        | Noticed an unseen horror
  1127 | D        | Killed an unseen horror
  1131 | D        | Killed an unseen horror
  1132 | D        | Reached skill level 1 in Invocations
  1138 | D        | Noticed a wandering mushroom
  1142 | D        | Noticed a wandering mushroom
  1144 | D        | Noticed a wandering mushroom
  1148 | D        | Killed a wandering mushroom
  1149 | D        | Reached skill level 21 in Stealth
  1153 | D        | Killed a wandering mushroom
  1153 | D        | Reached **** piety under Dithmenos
  1184 | D        | Noticed a cane toad
  1184 | D        | Noticed a komodo dragon
  1184 | D        | Noticed a cane toad
  1187 | D        | Killed a cane toad
  1188 | D        | Reached XP level 10. HP: 49/49 MP: 26/26
  1193 | D        | Reached skill level 10 in Dodging
  1193 | D        | Reached skill level 22 in Stealth
  1195 | D        | Killed a cane toad
  1195 | D        | Reached ***** piety under Dithmenos
  1466 | D        | Reached skill level 23 in Stealth
  1477 | D        | Noticed a lindwurm
  1480 | D        | Killed a lindwurm
  1487 | D        | Reached ****** piety under Dithmenos
  1488 | D        | Reached skill level 24 in Stealth
  1488 | D        | Noticed Urug
  1490 | D        | Killed Urug
  1491 | D        | Reached skill level 5 in Ice Magic
  1564 | D        | Found Ciome's Distillery.
  1564 | D        | Noticed an orc knight
  1565 | D        | Noticed an orc sorcerer
  1565 | D        | Noticed an orc sorcerer
  1566 | D        | Noticed a sixfirhy
  1577 | D        | Killed an orc sorcerer
  1577 | D        | Killed an orc sorcerer
  1578 | D        | Reached skill level 25 in Stealth
  1581 | D        | Killed an orc knight
  1582 | D        | Reached XP level 11. HP: 43/52 MP: 23/29
  1846 | D        | Noticed Sigmund
  1846 | D        | Noticed Edmund
  1848 | D        | Killed Edmund
  1849 | D        | Killed Sigmund
  1850 | D        | Reached skill level 26 in Stealth
  1875 | D        | Reached skill level 27 in Stealth
  1911 | D        | Noticed an obsidian statue
  1940 | D        | Killed an obsidian statue
  1976 | D        | Found Yqiboz's Distillery.
  1976 | D        | Found Joteixoa's Assorted Antiques.
  1976 | D        | Found Ubriutt's Antique Armour Shoppe.
  1976 | D        | Found Syotsaaxod's Armour Boutique.
  1976 | D        | Found Fesch's Magic Scroll Emporium.
  1976 | D        | Found Piukoymo's Book Shop.
  1976 | D        | Found Leuj's Armour Emporium.
  1976 | D        | Found Bagixaqomea's Weapon Boutique.
  1977 | D        | Found Zayfeuc's Jewellery Boutique.
  1977 | D        | Found Upuyg's Antique Weapon Shoppe.
  1977 | D        | Found Qanuadorchu's Distillery.
  2004 | D        | Upgraded the game from 0.29-a0-723-gce39da1c22 to
                  | 0.29-a0-732-g3d7fbe0af2
  2012 | D        | Noticed a crystal guardian
  2012 | D        | Noticed a crystal guardian
  2012 | D        | Noticed a crystal guardian
  2012 | D        | Noticed a crystal guardian
  2013 | D        | Killed a crystal guardian
  2016 | D        | Killed a crystal guardian
  2017 | D        | Reached skill level 15 in Hexes
  2019 | D        | Killed a crystal guardian
  2022 | D        | Killed a crystal guardian
  2121 | D        | Reached skill level 15 in Spellcasting
  2261 | D        | Noticed Rupert
  2263 | D        | Killed Rupert
  2264 | D        | Reached XP level 12. HP: 54/58 MP: 27/32
  2276 | D        | Noticed a dire elephant
  2276 | D        | Noticed a dire elephant
  2276 | D        | Noticed Gastronok
  2280 | D        | Killed a dire elephant
  2289 | D        | Killed a dire elephant
  2298 | D        | Killed Gastronok
  2416 | D        | Noticed a seven-headed hydra
  2416 | D        | Noticed a six-headed hydra
  2418 | D        | Killed a seven-headed hydra
  2419 | D        | Killed a six-headed hydra
  2457 | D        | Found Fagol's Book Emporium.
  2460 | D        | Found Gam Guoh's Antique Weapon Shop.
  2460 | D        | Found Jilacong's Distillery.
  2758 | D        | Noticed an azure jelly
  2758 | D        | Noticed an azure jelly
  2758 | D        | Noticed an azure jelly
  2758 | D        | Noticed an azure jelly
  2773 | D        | Mangled by an azure jelly

Illustrated notes

Levels and vault maps discovered:
D:        dungeon_sprint_mu [sprint_mu_entry_cave, sprint_mu_temple_rooms,
          sprint_mu_d1_horrors, sprint_mu_d2_genie, sprint_mu_d3_branching,
          sprint_mu_orc_legion, sprint_mu_elf_gauntlet, sprint_mu_hive_nellie,
          sprint_mu_lair_fedhas, sprint_mu_vaults_butterflies,
          sprint_mu_slime_circle, sprint_mu_swamp_cave, sprint_mu_shoals_kraken,
          sprint_mu_blade_basic, sprint_mu_crypt_lich, sprint_mu_tomb_spiral,
          sprint_mu_vestibule_basic, sprint_mu_gehenna_hellfire,
          sprint_mu_dis_giant, sprint_mu_tartarus_statrot,
          sprint_mu_cocytus_islands, sprint_mu_zot1]

Skill      XL: |  1  2  3  4  5  6  7  8  9 10 11 12 |
---------------+-------------------------------------+-----
Stealth        | 7 9 10 12 15 16 18 21 25 27 | 27.0
Hexes          | 5 7 9 10 11 12 13 15 17 | 17.0
Dodging        | 3 5 6 8 9 10 11 | 11.4
Spellcasting   | 3 5 6 8 9 11 13 15 17 | 17.4
Short Blades   | 2 3 4 5 6 8 9 |  9.4
Evocations     | 1 2 4 5 6 7 |  7.4
Fighting       | 1 2 3 4 |  4.3
Conjurations   | 1 2 |  2.9
Ice Magic      | 1 3 5 8 9 |  9.8
Invocations    | 1 2 3 |  3.8

Action                   |  1- 3 |  4- 6 |  7- 9 | 10-12 || total
-------------------------+-------+-------+-------+-------++-------
Melee: Dagger            |    14 |    20 |    29 |    98 ||   161
 Cast: Ensorcelled Hiber |     1 |       |     9 |    29 ||    39
       Dazzling Flash    |       |     3 |     3 |     2 ||     8
       Confusing Touch   |       |     1 |     1 |     2 ||     4
Invok: Shadow Step       |       |       |     1 |     7 ||     8
Evoke: Wand              |     4 |     2 |       |     1 ||     7
       Box of beasts     |       |       |       |     3 ||     3
  Use: Potion            |     1 |     2 |       |     4 ||     7
       Scroll            |       |       |       |     1 ||     1
 Stab: Sleeping          |     4 |     3 |    13 |    39 ||    59
       Invisible         |       |     1 |     2 |     2 ||     5
       Distracted        |       |       |       |     1 ||     1
       Confused          |       |       |       |     2 ||     2
Armor: Robe              |       |     1 |       |     2 ||     3
Dodge: Dodged            |     6 |     9 |    15 |    25 ||    55

Table legend: (Time is in decaauts)
 A = Elapsed time spent in this place.
 B = Non-inter-level travel time spent in this place.
 C = Inter-level travel time spent in this place.
 D = Time resting spent in this place.
 E = Time spent auto-exploring this place.
 F = Levels seen in this place.
 G = Mean time per level.
                   A        B        C        D        E       F      G
               +--------+--------+--------+--------+--------+-----+--------+
         Total |   2440 |   2388 |     52 |   1617 |     50 |   1 | 2440.0 |
       Dungeon |   2440 |   2388 |     52 |   1617 |     50 |   1 | 2440.0 |
               +--------+--------+--------+--------+--------+-----+--------+

Top non-repeatable levels by time:
       D: 2440 daAuts
